 Dungeon Crawl Stone Soup version 0.28.0-47-ge53b351184 (webtiles) character file.

Game seed: 16591272084160695153

157 GigaChad the Skirmisher (level 5, 0/47 HPs)
             Began as a Minotaur Fighter on May 7, 2022.
             Killed by divine providence
             ... invoked by an orc priest
              (8 damage)
             ... on level 4 of the Dungeon.
             The game lasted 00:06:18 (3338 turns).

GigaChad the Skirmisher (Minotaur Fighter)          Turns: 3338, Time: 00:06:19

Health: 0/47       AC: 12    Str: 20    XL:     5   Next: 15%
Magic:  4/4        EV:  6    Int:  5    God:
Gold:   114        SH:  5    Dex: 12    Spells: 4/4 levels left

rFire   . . .      SeeInvis .   a - +0 long sword
rCold   . . .      Faith    .   c - +0 buckler
rNeg    . . .      Spirit   .   s - +0 plate armour
rPois   .          Reflect  .   (helmet restricted)
rElec   .          Harm     .   (no cloak)
rCorr   .          Rampage  .   (no gloves)
Will    +....                   (no boots)
Stlth   ..........              (no amulet)
HPRegen 0.15/turn               t - ring of willpower
MPRegen 0.09/turn               (no ring)

@: lethally poisoned (0 -> -1)
A: horns 2, retaliatory headbutt
a: no special abilities


You were on level 4 of the Dungeon.
You visited 1 branch of the dungeon, and saw 4 of its levels.

You collected 114 gold pieces.

Inventory:

Hand Weapons
 a - a +0 long sword (weapon)
Armour
 b - a +0 scale mail
 c - a +0 buckler (worn)
 o - an orb of light
 s - a +0 plate armour (worn)
Jewellery
 t - a ring of willpower (left hand)
Scrolls
 e - 3 scrolls of immolation
 f - a scroll of magic mapping
 g - a scroll of identify
 h - a scroll of teleportation {unknown}
 i - a scroll of holy word
 r - a scroll of brand weapon {unknown}
Potions
 d - a potion of might
 j - a potion of brilliance {unknown}
 k - a potion of curing {unknown}
 l - 2 potions of ambrosia {unknown}
 m - a potion of lignification {unknown}
 n - a potion of heal wounds {unknown}
 p - a potion of mutation {unknown}
 q - a potion of magic {unknown}


   Skills:
 + Level 4.7 Fighting
 + Level 4.1 Long Blades
 + Level 4.7 Armour
 + Level 0.8 Dodging
 + Level 0.1 Stealth
 + Level 4.2 Shields


You had 4 spell levels left.
You didn't know any spells.
Your spell library contained the following spells:

 Spells                   Type           Power      Damage    Failure   Level
 Sandblast                Erth           0%         2d4       100%        1
 Slow                     Hex            0%         N/A       100%        1
 Passwall                 Tmut/Erth      0%         N/A       100%        2
 Confusing Touch          Hex            0%         N/A       100%        3
 Stone Arrow              Conj/Erth      0%         3d7       100%        3
 Vampiric Draining        Necr           0%         2d6       100%        3


Dungeon Overview and Level Annotations

Branches:
Dungeon (4/15)
 Temple: D:4-7

Altars:
Trog


Innate Abilities, Weirdness & Mutations

You have a pair of horns on your head.
You reflexively headbutt those who attack you in melee.


Message History

The iguana hisses angrily.
The orc wizard shouts!
You hear an angry hiss.
An adder comes into view.
The goblin hits you but does no damage.
A goblin comes into view. It is wielding a +0 dagger.
The goblin drinks a potion.
The goblin seems to grow stronger.
The orc wizard casts a spell.
The orc wizard flickers and vanishes!
Deactivating autopickup; reactivate with Ctrl-A.
The iguana bites you but does no damage.
You block the orc's attack. The iguana bites you!
The orc hits you with a +0 morningstar.
A hobgoblin comes into view.
The hobgoblin shouts!
The adder bites you but does no damage.
You hear some strange, mumbled words.
A puff of flame appears from out of thin air!
The puff of flame hits you but does no damage.
The adder bites you.
You are poisoned.
The adder poisons you!
The orc priest invokes the aid of Beogh against you.
Beogh smites you! Something hits you. The orc hits you but does no damage.
The adder bites you but does no damage.
A kobold comes into view.
It is wielding a +0 short sword and quivering poisoned darts.
An orc comes into view. It is wielding a +0 hand axe.
You feel sick.
The orc shouts!
The kobold shouts!
The adder bites you but does no damage.
The iguana bites you but does no damage.
You feel sick. The iguana bites you.
* * * LOW HITPOINT WARNING * * *
You feel sick.
The kobold throws a poisoned dart.
The poisoned dart barely misses you.
The poisoned dart hits the orc wizard!
The orc wizard is poisoned.
You feel sick.
An ogre comes into view. It is wielding a +0 giant club.
The adder bites you but does no damage.
The orc priest invokes the aid of Beogh against you.
Beogh smites you!
You die...

*,,,,,,,*******,**#
#.#####.......,<.,.
#.#...§≈≈....##.#*#
#.....(≈........# #
##....[.........## #
##..≈..........≈..###
##..≈≈.J.o......≈≈..##
#....ol..............#
#....@Sogg............
#....g.o.####.........
#.......## ##......≈.
#≈....o.# #.g...≈≈.
*#≈§K....# #(.....§§
#.≈......#* *#........
#.........***#.........
#.......Og.,,..g.......
*,,,,,,,,,,,,,,,,,,,,,,


You could see an ogre (wandering), an iguana, an orc priest, an orc wizard (very
poisoned), an adder, 3 orcs, an endoplasm, 2 hobgoblins, 2 goblins and a kobold.

Vanquished Creatures
  4 gnolls (D:4)
  3 adders
  4 worms
  2 dart slugs (D:1)
  4 orcs (D:3)
  9 ball pythons
  2 endoplasms
  5 giant cockroaches
  8 goblins
  8 hobgoblins
  6 kobolds
  2 quokkas (D:1)
  5 bats
  6 frilled lizards
  3 rats
71 creatures vanquished.

Notes
Turn   | Place    | Note
-------+----------+-------------------------------------------
     0 | D:1      | GigaChad the Minotaur Fighter began the quest for the Orb.
     0 | D:1      | Reached XP level 1. HP: 19/19 MP: 0/0
   181 | D:1      | Reached XP level 2. HP: 27/27 MP: 1/1
   550 | D:1      | Reached XP level 3. HP: 31/33 MP: 2/2
  1844 | D:3      | Reached XP level 4. HP: 41/41 MP: 3/3
  1973 | D:3      | Found a bloodstained altar of Trog.
  2736 | D:4      | Reached XP level 5. HP: 12/47 MP: 4/4
  3338 | D:4      | Noticed an ogre
  3338 | D:4      | Killed from afar by an orc priest

Illustrated notes

Levels and vault maps discovered:
D:1:      lemuel_arrival_river_ford, layout_basic, minmay_heptomino_l4
D:2:      layout_basic, kennysheep_generic_room_6
D:3:      layout_loops_ring, trog_three_pillars_becter
D:4:      layout_loops_ring, kennysheep_decorative_pillar

Skill      XL: |  1  2  3  4 |
---------------+-------------+-----
Shields        | 4 |  4.2
Fighting       | 4 |  4.7
Armour         | 4 |  4.7
Long Blades    | 3 4 |  4.1
Dodging        | |  0.8
Stealth        | |  0.1

Action                   |  1- 3 |  4- 6 || total
-------------------------+-------+-------++-------
Melee: Long sword        |    97 |    66 ||   163
       Headbutt          |    13 |    15 ||    28
  Use: Scroll            |       |     4 ||     4
Armor: Scale mail        |    61 |    20 ||    81
       Plate armour      |       |    17 ||    17
Dodge: Dodged            |    65 |    30 ||    95
Block: Buckler           |    36 |    18 ||    54
